 Dungeon Crawl Stone Soup version 0.31.0-32-g396128a36d (webtiles) character file.

Game seed: 5309622800954828146

448 spaghetti the Covert (level 7, -5/62 HPs)
             Began as a Naga Chaos Knight on Mar 9, 2024.
             Was a Plaything of Xom.
             Killed from afar by a white imp (14 damage)
             ... with a puff of frost
             ... summoned by Xom
             ... on level 4 of the Dungeon.
             The game lasted 00:04:31 (3386 turns).

spaghetti the Covert (Naga Chaos Knight)            Turns: 3386, Time: 00:04:32

Health: -5/62      AC: -4    Str: 10 (11) XL:     7   Next: 4%
Magic:  7/7        EV:  9    Int: 23      God:    Xom [*.....]
Gold:   174        SH:  0    Dex: 17      Spells: 6/6 levels left

rFire   + . .        a - +0 short sword (chaos)
rCold   . . .        (no shield)
rNeg    . . .        b - +2 leather armour
rPois   +            (no helmet)
rElec   .            k - +0 cloak
rCorr   .            (no gloves)
SInv    +            (no barding)
Will    +....        (no amulet)
Stlth   +++++        e - +6 ring of intelligence
HPRegen 0.30/turn    h - ring of wizardry
MPRegen 0.10/turn

%: wizardry (x1)
@: short of breath, corroded, very slow
A: AC +2, large, see invisible, deformed body, poison resistance, slowness 2,
spit poison 2, naga tail 1, agile 2, clever 1, deterioration 1, fire resistance
1, strong-willed 1
a: Breathe Poison Gas, Renounce Religion


You were on level 4 of the Dungeon.
You worshipped Xom.
You were a special plaything of Xom.
You visited 1 branch of the dungeon, and saw 5 of its levels.

You collected 174 gold pieces.

Inventory:

Hand Weapons
 a - a +0 short sword of chaos (weapon)
Armour
 b - a +2 leather armour (worn)
 k - a +0 cloak (worn)
Jewellery
 e - a +6 ring of intelligence (left hand)
 h - a ring of wizardry (right hand)
 m - a +5 ring of evasion
Wands
 c - a wand of polymorph (11)
Scrolls
 d - 4 scrolls of noise
 f - 3 scrolls of teleportation
 i - a scroll of fog
 j - a scroll of vulnerability
 l - a scroll of blinking
 n - a scroll of immolation
 o - a scroll of enchant weapon


   Skills:
 - Level 3.0 Fighting
 - Level 3.0 Short Blades
 - Level 1.5 Armour
 - Level 0.7 Dodging
 + Level 10.9 Stealth


You had 6 spell levels left.
You didn't know any spells.
Your spell library contained the following spells:

 Spells                   Type           Power      Damage    Failure   Level
 Apportation              Tloc           0%         N/A       9%          1
 Necrotise                Necr           0%         1d4       9%          1
 Sting                    Conj/Alch      0%         1d3       9%          1
 Summon Small Mammal      Summ           0%         N/A       9%          1
 Fugue of the Fallen      Necr           0%         N/A       24%         3
 Ozocubu's Armour         Ice            0%         N/A       24%         3
 Manifold Assault         Tloc           0%         N/A       58%         4


Dungeon Overview and Level Annotations

Branches:
Dungeon (5/15)
 Temple: D:4-7

Altars:
Ashenzari
Dithmenos
Ru
Sif Muna
Yredelemnul
Zin

Shops:
D:5 =


Innate Abilities, Weirdness & Mutations

Your serpentine skin is tough. (AC +2)
You have supernaturally acute eyesight. (SInv)
Armour fits poorly on your strangely shaped body.
Your system is resistant to poisons. (rPois)
You cover ground very slowly.
You can exhale a cloud of poison.
You have a snake-like lower body.
You are very agile. (Dex +8, Str/Int -2)
Your mind is acute. (Int +4, Str/Dex -1)
Your body sometimes deteriorates upon taking damage.
Your flesh is heat resistant. (rF+)
You are strong-willed. (Will+)


Message History

Aiming: Breathe Poison Gas (6% risk of failure)
Press: ? - help, Shift-Dir - straight line, f - jelly
Aim: a jelly (lightly wounded, strong, poisoned, 100% to hit)
You exhale a blast of poison gas.
The poison gas engulfs the jelly.
The jelly is moderately wounded.
The jelly completely misses you.
Unknown command.
Unknown command.
The jelly attacks as it pursues you! The jelly barely misses you.
The jelly hits you.
You are splashed with acid!
You hit the jelly.
The jelly appears confused.
The acid corrodes you!
Your hands burn!
The jelly is heavily wounded.
You catch the helpless jelly completely off-guard!
You impale the jelly!!
You kill the jelly!
You have reached level 7!
You hear Xom's maniacal laughter.
There are monsters nearby!
There are monsters nearby!
There are monsters nearby!
The crimson imp blinks!
The shadow imp gestures at you. You resist with significant effort.
The white imp gestures at you. The puff of frost hits you!
* * * LOW HITPOINT WARNING * * *
The shadow imp gestures at you. Pain shoots through your body!
* * * LOW HITPOINT WARNING * * *
You can't do that yet.
Unknown command.
Unknown command.
Unknown command.
It was a potion of mutation.
You feel extremely strange.
You feel stupid.
You feel genetically unstable.
You feel strong-willed.
You feel clever. The white imp gestures at you. The puff of frost hits you!
You die...

~.~...~.~... P~~
~PP~♣~~.~.~. ~~P
≈~~~~~~~~P~# ~~
≈≈≈≈~~~~~♣## ♣~
P≈≈~≈~~~P# .♣♣
~~~~~~~~~## # #.#
#~~~♣~PPP.##
#..####5####♣♣♣♣~♣....
#....@55.....####..[#.
###.####............#.
# #........#.#...
#......#.....#.
#..........#.#.
######.#.......
######.5.....##
#............#
#.####..#..####


You could see a white imp (summoned) and 2 shadow imps.

Vanquished Creatures
  A black bear (D:4)
  3 lemures (D:4)
  A phantom (D:3)
  A scorpion (D:4)
  A jelly (D:4)
  A sleepcap (D:3)
  An iguana (D:4)
  5 adders
  A river rat (D:4)
  2 dart slugs (D:4)
  3 ribbon worms
  5 orcs
  3 ball pythons
  2 endoplasms
  5 giant cockroaches
  10 goblins
  10 hobgoblins
  4 quokkas
  2 bats
  5 frilled lizards
  4 kobolds
  4 rats
74 creatures vanquished.

Vanquished Creatures (collateral kills)
  An adder (D:4)
1 creature vanquished.

Grand Total: 75 creatures vanquished

Notes
Turn   | Place    | Note
-------+----------+-------------------------------------------
     0 | D:1      | spaghetti the Naga Chaos Knight began the quest for the
                  | Orb.
     0 | D:1      | Reached XP level 1. HP: 21/21 MP: 1/1
     8 | D:1      | XOM: silly message
    39 | D:1      | Reached skill level 1 in Stealth
   188 | D:1      | XOM: cloud trail
   204 | D:1      | Reached skill level 2 in Stealth
   334 | D:1      | Reached XP level 2. HP: 28/28 MP: 2/2
   437 | D:1      | Reached skill level 3 in Stealth
   914 | D:2      | XOM: 1-stop teleportation journey
   919 | D:2      | Reached skill level 4 in Stealth
   927 | D:2      | Reached XP level 3. HP: 33/34 MP: 3/3
   938 | D:2      | XOM: summons 2 hostile shadow creatures
  1230 | D:2      | XOM: draining
  1302 | D:2      | XOM: give mutations
  1302 | D:2      | Gained mutation: You are weak. (Str -2) [Xom's mischief]
  1302 | D:2      | Lost mutation: You are weak. (Str -2) [Xom's mischief]
  1302 | D:2      | Gained mutation: Your body sometimes deteriorates upon
                  | taking damage. [Xom's mischief]
  1302 | D:2      | Gained mutation: You are agile. (Dex +4, Str/Int -1) [Xom's
                  | mischief]
  1330 | D:2      | XOM: 9-stop teleportation journey
  1422 | D:2      | Reached skill level 5 in Stealth
  1727 | D:3      | Reached XP level 4. HP: 38/38 MP: 4/4
  1892 | D:3      | Reached skill level 6 in Stealth
  2133 | D:3      | Found a shimmering blue altar of Sif Muna.
  2198 | D:3      | Reached skill level 7 in Stealth
  2347 | D:3      | Noticed a phantom
  2360 | D:3      | Killed a phantom
  2361 | D:3      | Reached skill level 8 in Stealth
  2361 | D:3      | Reached XP level 5. HP: 47/49 MP: 5/5
  2429 | D:3      | XOM: fog
  2460 | D:3      | XOM: 3-stop teleportation journey
  2697 | D:3      | XOM: give mutations
  2697 | D:3      | Gained mutation: Your spells are a little harder to cast,
                  | but a little more powerful. [Xom's mischief]
  2697 | D:3      | Gained mutation: You can exhale a cloud of poison. [Xom's
                  | mischief]
  2697 | D:3      | Lost mutation: Your spells are a little harder to cast, but
                  | a little more powerful. [Xom's mischief]
  2807 | D:4      | Found a broken altar of Ashenzari.
  2875 | D:4      | Found a glowing silver altar of Zin.
  2875 | D:4      | Found a basalt altar of Yredelemnul.
  2875 | D:4      | Found a sacrificial altar of Ru.
  3035 | D:4      | Noticed a lemure
  3036 | D:4      | Noticed Pikel
  3036 | D:4      | Noticed a lemure
  3036 | D:4      | Noticed a lemure
  3042 | D:4      | Noticed a lemure
  3044 | D:4      | Killed a lemure
  3048 | D:4      | Pikel changed into Pikel the river rat
  3048 | D:4      | Noticed Pikel
  3048 | D:4      | XOM: polymorph Pikel -> Pikel the river rat
  3049 | D:4      | Killed a lemure
  3049 | D:4      | Killed a lemure
  3051 | D:4      | Killed Pikel the river rat
  3052 | D:4      | Reached XP level 6. HP: 52/56 MP: 6/6
  3081 | D:4      | Reached skill level 9 in Stealth
  3095 | D:4      | XOM: smoke on damage
  3125 | D:4      | Found a shadowy altar of Dithmenos.
  3153 | D:4      | XOM: give mutations
  3153 | D:4      | Gained mutation: You are very agile. (Dex +8, Str/Int -2)
                  | [Xom's grace]
  3153 | D:4      | Gained mutation: Your flesh is heat resistant. (rF+) [Xom's
                  | grace]
  3153 | D:4      | Gained mutation: Your mind is acute. (Int +4, Str/Dex -1)
                  | [Xom's grace]
  3153 | D:4      | Gained mutation: You are somewhat resistant to further
                  | mutation. [Xom's grace]
  3295 | D:4      | Noticed a black bear
  3298 | D:4      | Killed a black bear
  3299 | D:4      | Reached skill level 10 in Stealth
  3302 | D:5      | Entered Level 5 of the Dungeon
  3302 | D:5      | Found Turelar's Jewellery Shoppe.
  3382 | D:4      | Reached XP level 7. HP: 30/62 MP: 7/7
  3382 | D:4      | XOM: summons 4 hostile demons
  3386 | D:4      | Lost mutation: Your mind is acute. (Int +4, Str/Dex -1)
                  | [potion of mutation]
  3386 | D:4      | Lost mutation: You are somewhat resistant to further
                  | mutation. [potion of mutation]
  3386 | D:4      | Gained mutation: You are strong-willed. (Will+) [potion of
                  | mutation]
  3386 | D:4      | Gained mutation: Your mind is acute. (Int +4, Str/Dex -1)
                  | [potion of mutation]
  3386 | D:4      | Killed from afar by a white imp

Illustrated notes

Levels and vault maps discovered:
D:1:      matt_arrival_grand_opening, layout_loops_corners
D:2:      layout_basic, minmay_surrounded
D:3:      layout_loops_ring, nicolae_sif_muna_condensation, fountainhead,
          minmay_gold_behind_fungi
D:4:      layout_loops_cross, mainiacjoe_overflow_alcove_4, ashenzari_altar_1,
          gammafunk_temple_overflow_claw, serial_bayou, serial_bayou_ford_a,
          serial_bayou_lagoon_b, serial_bayou_pond_b, serial_bayou_shore_b,
          minmay_three_crescents, uniq_pikel
D:5:      layout_cave_pools, fedhas_altar_decomposition, serial_shops, shop,
          shop, nicolae_shop_advertising_works [nicolae_subvault_shop_adworks],
          uniq_sigmund, uniq_grinder

Skill      XL: |  1  2  3  4  5  6 |
---------------+-------------------+-----
Stealth        | 2 4 5 8 10 | 10.9
Fighting       | |  3.0
Short Blades   | |  3.0
Armour         | |  1.5
Dodging        | |  0.7

Action                     |  1- 3 |  4- 6 |  7- 9 || total
---------------------------+-------+-------+-------++-------
  Melee: Short sword       |   147 |   105 |       ||   252
         Punch             |       |     2 |       ||     2
Ability: Spit Poison       |       |     4 |       ||     4
         Breathe Poison Ga |       |     8 |       ||     8
    Use: Scroll            |     4 |     5 |       ||     9
         Potion            |     3 |     2 |     1 ||     6
   Stab: Sleeping          |     3 |    10 |       ||    13
         Distracted        |     1 |       |       ||     1
         Confused          |       |     1 |       ||     1
 Armour: Leather armour    |    94 |    65 |     2 ||   161
  Dodge: Dodged            |    55 |    39 |       ||    94
